 Dungeon Crawl Stone Soup version 0.21.0-3-g78d12a8bdd (webtiles) character file.

2671 GordonOverkill the Fighter (level 9, -3/85 HPs)
             Began as a Centaur Wizard on Jan 12, 2018.
             Was a Follower of Okawaru.
             Slain by a two-headed ogre
             ... wielding a +0 giant spiked club
              (10 damage)
             ... on level 11 of the Dungeon.
             The game lasted 00:21:43 (16969 turns).

GordonOverkill the Fighter (Centaur Wizard)        Turns: 16969, Time: 00:21:44

Health: -3/85      AC:  7    Str: 13    XL:     9   Next: 37%
Magic:  15/15      EV:  9    Int: 17    God:    Okawaru [*.....]
Gold:   348        SH:  0    Dex:  8    Spells: 12/12 levels left

rFire    . . .     SeeInvis .   b - +1 whip (elec)
rCold    + . .     Gourm    .   (no shield)
rNeg     . . .     Faith    .   m - +2 leather armour {rC+}
rPois    .         Spirit   .   j - +1 hat
rElec    .         Reflect  .   (no cloak)
rCorr    .         Harm     .   (no gloves)
MR       .....                  (no barding)
Stlth    ..........             (no amulet)
HPRegen  0.24/turn              (no ring)
MPRegen  0.14/turn              (no ring)

@: heavily drained, very quick
A: large, hooves 3, deformed body, speed 2, tough skin 3
a: Heroism, Renounce Religion


You were on level 11 of the Dungeon.
You worshipped Okawaru.
Okawaru was aware of your devotion.
You were hungry.

You visited 2 branches of the dungeon, and saw 11 of its levels.

You collected 348 gold pieces.

Inventory:

Hand Weapons
 a - a +0 hand crossbow
 b - a +1 whip of electrocution (weapon)
 u - a +0 hunting sling
 w - a +2 trident of protection
Missiles
 g - 34 bolts
 i - 212 stones (quivered)
 k - 162 arrows
 l - 60 sling bullets
 q - 3 silver javelins
Armour
 j - a +1 hat (worn)
 m - a +2 leather armour of cold resistance (worn)
 y - a +0 plate armour
Jewellery
 s - a cursed amulet of inaccuracy {unknown}
 I - an uncursed ring of see invisible {unknown}
Wands
 h - a wand of flame (32)
 B - a wand of polymorph (15)
 H - a wand of random effects (16)
 J - a wand of iceblast (7)
Scrolls
 f - 7 scrolls of teleportation
 x - a scroll of immolation {unknown}
 C - 4 scrolls of identify
 D - 2 scrolls of amnesia
 G - 4 scrolls of remove curse
 K - 2 scrolls of enchant weapon {unknown}
Potions
 e - a potion of haste
 n - 2 potions of ambrosia {unknown}
 o - a potion of brilliance
 p - 3 potions of flight {unknown}
 r - a potion of heal wounds
 t - 2 potions of magic {unknown}
 v - 2 potions of lignification
 z - 2 potions of berserk rage {unknown}
 A - 2 potions of curing {unknown}
 E - 3 potions of agility {unknown}
 F - a potion of invisibility {unknown}
Books
 c - a book of Minor Magic

   Spells                             Type                      Level
   a - Magic Dart                     Conjuration                  1
   b - Blink                          Translocation                2
   c - Call Imp                       Summoning                    2
   d - Slow                           Hexes                        2
   e - Conjure Flame                  Conjuration/Fire             3
   f - Mephitic Cloud                 Conjuration/Poison/Air       3
Comestibles
 d - 8 rations


   Skills:
 - Level 10.0(7.8) Fighting
 + Level 1.5(0.0) Armour
 - Level 2.0(0.3) Dodging
 - Level 1.1(0.0) Stealth
 - Level 2.4(0.6) Spellcasting
   Level 0.8(0.0) Conjurations
   Level 0.8(0.0) Summonings
   Level 0.8(0.0) Translocations
 - Level 8.0(5.9) Invocations


You had 12 spell levels left.
You didn't know any spells.

Dungeon Overview and Level Annotations

Branches:
Dungeon (11/15)            Temple (1/1) D:6
   Lair: D:8-11         Orc: D:9-12

Altars:
Ashenzari
Cheibriados
Dithmenos
Fedhas
Gozag
Hepliaklqana
Kikubaaqudgha
Makhleb
Okawaru
Ru
Sif Muna
Uskayaw
Wu Jian
Xom
Yredelemnul
Zin
The Shining One

Shops:
D:5 :   D:6 [

Annotations:
D:7 Prince Ribbit
D:11 Maurice


Innate Abilities, Weirdness & Mutations

You have hooves in place of feet.
Armour fits poorly on your strangely shaped body.
You cover ground very quickly.
You have extremely tough skin. (AC +3)


Message History

Aiming: Random Effects
Press: ? - help, Shift-Dir - straight line, f/p - two-headed ogre
Aim: a two-headed ogre, wielding a giant spiked club and a giant club (heavily wounded, misshapen and mutated)
The two-headed ogre resists with some effort.
Evoke which item? (* to show all) (? for menu, Esc to quit)
Aiming: Random Effects
Press: ? - help, Shift-Dir - straight line, f/p - two-headed ogre
Aim: a two-headed ogre, wielding a giant spiked club and a giant club (heavily wounded, misshapen and mutated)
The two-headed ogre seems to speed up.
The two-headed ogre hits you with a giant spiked club!!
* * * LOW HITPOINT WARNING * * *
The two-headed ogre hits you with a giant club.
* * * LOW HITPOINT WARNING * * *
There is an open door here.
There is an open door here.
There is a stone staircase leading up here.
You feel like a meek peon again. The two-headed ogre barely misses you.
The two-headed ogre hits you with a giant club!
You die...

#........#
#####........#
#...'........#
#####........#####
#........##..+
#........##.##
#........'..#
#........####
#.....@).#
######O### #..##
##..# #########'##
#..........#
#..........#
#....).....#
#..........#


You could see a two-headed ogre.

Vanquished Creatures
  A yak (D:10)
  A porcupine (D:8)
  2 sky beasts
  An ice beast (D:5)
  6 ogres
  Blork the orc (D:4)
  A bullfrog (D:6)
  A wyvern skeleton (D:6)
  6 scorpions
  4 wights
  2 vampire bats (D:2)
  2 crimson imps
  3 hounds
  2 orc priests
  3 bullfrog skeletons
  A gnoll shaman (D:7)
  7 orc wizards
  Ijyb (D:4)
  3 worker ants
  A hound skeleton (D:5)
  7 gnolls
  8 adders
  2 shadow imps
  An adder skeleton (D:4)
  An adder zombie (D:7)
  2 dart slugs (D:2)
  7 leopard geckos
  19 orcs
  7 bats
  2 bat skeletons (D:2)
  3 bat zombies (D:2)
  4 giant cockroaches
  13 goblins
  10 hobgoblins
  10 jackals
  8 quokkas
  11 frilled lizards
  A jackal zombie (D:5)
  11 kobolds
  A leopard gecko skeleton (D:4)
  A quokka skeleton (D:5)
  6 rats
184 creatures vanquished.

Vanquished Creatures (others)
  2 fungi (D:8)
2 creatures vanquished.

Grand Total: 186 creatures vanquished

Notes
Turn   | Place    | Note
-------+----------+-------------------------------------------
     0 | D:1      | GordonOverkill the Centaur Wizard began the quest for the Orb.
     0 | D:1      | Reached XP level 1. HP: 14/14 MP: 3/3
   652 | D:2      | Reached XP level 2. HP: 12/22 MP: 5/5
   940 | D:1      | Reached skill level 1 in Fighting
  1504 | D:1      | Reached skill level 2 in Fighting
  1504 | D:1      | Reached XP level 3. HP: 29/29 MP: 6/6
  1993 | D:2      | Found a shadowy altar of Dithmenos.
  2089 | D:2      | Reached skill level 3 in Fighting
  2089 | D:2      | Reached XP level 4. HP: 38/38 MP: 7/7
  2603 | D:2      | Reached skill level 4 in Fighting
  2625 | D:2      | Found an ancient bone altar of Kikubaaqudgha.
  2670 | D:2      | Reached XP level 5. HP: 17/47 MP: 8/8
  3035 | D:2      | Reached skill level 5 in Fighting
  3839 | D:3      | Found a burning altar of Makhleb.
  4043 | D:3      | Reached XP level 6. HP: 39/56 MP: 9/9
  4325 | D:3      | Found a snail-covered altar of Cheibriados.
  5609 | D:3      | Reached skill level 6 in Fighting
  6080 | D:3      | HP: 2/58 [poisoned by a worker ant]
  6088 | D:3      | HP: 2/58 [poisoned by a worker ant]
  6676 | D:4      | Reached skill level 7 in Fighting
  6827 | D:4      | Reached XP level 7. HP: 66/66 MP: 10/10
  6882 | D:4      | Found a shadowy altar of Dithmenos.
  7690 | D:4      | Reached skill level 8 in Fighting
  7874 | D:4      | Found a glowing silver altar of Zin.
  8409 | D:4      | Noticed Ijyb
  8723 | D:4      | Killed Ijyb
  8884 | D:5      | Entered Level 5 of the Dungeon
  8930 | D:5      | Found Poawyxua's Book Shoppe.
  9130 | D:4      | Reached skill level 9 in Fighting
  9130 | D:4      | Reached XP level 8. HP: 41/78 MP: 11/11
  9936 | D:5      | Found a glowing golden altar of the Shining One.
 10171 | D:5      | Noticed Blork the orc
 10194 | D:4      | Killed Blork the orc
 10621 | D:5      | Found a shattered altar of Ashenzari.
 11157 | D:6      | Found a staircase to the Ecumenical Temple.
 11164 | Temple   | Entered the Ecumenical Temple
 11332 | Temple   | Became a worshipper of Warmaster Okawaru
 11401 | D:6      | Reached skill level 10 in Fighting
 11486 | D:6      | Reached skill level 1 in Invocations
 12660 | D:6      | Reached skill level 5 in Invocations
 13187 | D:6      | Found Parohama's Antique Armour Emporium.
 13686 | D:6      | Reached XP level 9. HP: 25/85 MP: 13/13
 14361 | D:7      | Reached * piety under Okawaru
 15156 | D:7      | Noticed Prince Ribbit
 15924 | D:7      | Got a scorched rapier
 16250 | D:8      | You fall through a shaft for 3 floors!
 16250 | D:11     | Noticed Maurice
 16477 | D:10     | Entered Level 10 of the Dungeon
 16652 | D:10     | Reached skill level 1 in Armour
 16935 | D:11     | Noticed a two-headed ogre
 16969 | D:11     | Slain by a two-headed ogre

Skill      XL: |  1  2  3  4  5  6  7  8  9 |
---------------+----------------------------+-----
Dodging        | 2 |  2.0
Fighting       | 2 3 4 5 7 9 10 | 10.0
Invocations    | 6 8 |  8.0
Armour         | 1 |  1.5
Stealth        | |  1.1
Spellcasting   | |  2.4
Conjurations   | |  0.8
Summonings     | |  0.8
Translocations | |  0.8

Action                   |  1- 3 |  4- 6 |  7- 9 || total
-------------------------+-------+-------+-------++-------
Melee: Trident           |   100 |    95 |       ||   195
       Club              |     9 |       |       ||     9
       Unarmed           |     6 |       |       ||     6
       Kick              |    10 |    28 |    69 ||   107
       Whip              |       |   204 |   370 ||   574
 Fire: Hunting sling     |    24 |    11 |    74 ||   109
       Hand crossbow     |       |       |    42 ||    42
Throw: Stone             |       |       |     2 ||     2
 Cast: Magic Dart        |     4 |       |       ||     4
Invok: Heroism           |       |       |     3 ||     3
Evoke: Wand              |       |       |     7 ||     7
  Use: Scroll            |       |     2 |     9 ||    11
  Eat: Chunk             |     3 |     7 |    17 ||    27
       Ration            |       |     2 |     3 ||     5
Armor: Ring mail         |    47 |   162 |       ||   209
       Robe              |     2 |       |       ||     2
       Leather armour    |       |     8 |   139 ||   147
Dodge: Dodged            |    58 |   187 |   217 ||   462
